[ PARTIDA AOE2 · #479922666 ]
UnrankedMongoles vs Magyars
Equipo del jugador · DERR
Equipo rival · VICT
[ ANÁLISIS DE REPETICIÓN · EXTRAÍDO DE LA PARTIDA GRABADA ]
Feudal
—
Castillos
—
Imperial
—
| APM promedio | 28.0 |
| APM pico | 58 |
| eAPM promedio | 19.0 |
| Aldeanos / militares | 95 / 113 |
Foco
⚔️ 28.0% · 🌾 72.0%
Camel Scout ×50 · Skirmisher ×36 · Steppe Lancer ×14 · Trebuchet (Packed) ×6 · Spearman ×3 · Monk ×2
Feudal
9:14
Castillos
20:33
Imperial
40:16
| APM promedio | 33.9 |
| APM pico | 84 |
| eAPM promedio | 15.9 |
| Aldeanos / militares | 123 / 138 |
Foco
⚔️ 38.0% · 🌾 62.0%
Cavalry Archer ×66 · Spearman ×30 · Magyar Huszar ×15 · Monk ×12 · Scout Cavalry ×7 · Trebuchet (Packed) ×4
Mapa de la partida
Recursos iniciales + cada clic de construcción. Líneas = muros · curvas = relieve. ◆ oro · ⬟ piedra · ● bayas · ✦ reliquia · ◌ hueco del cierre
Tu base· ✓ Cerrada en 19:56 · 84t muro · 2 puerta(s)
Base de LordHassan· ✓ Cerrada en 20:33 · 54t muro · 1 puerta(s)
Terreno inicial suavizado · ◌ = hueco del cierre detectado · pasá el cursor para detalles
Inputs por minuto
— dismichaeled - - LordHassan
Build order — dismichaeled
Primeras 150 de 326 acciones detectadas
| 0:01 | Crear | Villager (Male) |
| 0:02 | Crear | Villager (Male) |
| 0:02 | Crear | Villager (Male) |
| 0:02 | Crear | Villager (Male) |
| 0:07 | Construir | House |
| 0:08 | Construir | House |
| 1:32 | Crear | Villager (Male) |
| 1:55 | Crear | Villager (Male) |
| 1:56 | Crear | Villager (Male) |
| 2:04 | Construir | Lumber Camp |
| 2:40 | Crear | Villager (Male) |
| 2:40 | Crear | Villager (Male) |
| 3:02 | Crear | Villager (Male) |
| 3:03 | Crear | Villager (Male) |
| 3:03 | Crear | Villager (Male) |
| 3:13 | Construir | House |
| 3:20 | Construir | Palisade Wall |
| 3:47 | Crear | Villager (Male) |
| 3:48 | Crear | Villager (Male) |
| 3:57 | Construir | House |
| 3:58 | Construir | House |
| 4:30 | Investigar | Loom |
| 4:30 | Crear | Villager (Male) |
| 4:31 | Crear | Villager (Male) |
| 4:31 | Crear | Villager (Male) |
| 4:49 | Construir | Mill |
| 5:03 | Construir | Palisade Wall |
| 5:28 | Crear | Villager (Male) |
| 5:29 | Crear | Villager (Male) |
| 5:29 | Crear | Villager (Male) |
| 5:31 | Crear | Villager (Male) |
| 5:41 | Construir | Palisade Gate |
| 6:30 | Construir | House |
| 6:40 | Construir | Palisade Wall |
| 6:42 | Construir | Palisade Wall |
| 6:46 | Crear | Villager (Male) |
| 6:53 | Crear | Villager (Male) |
| 7:20 | Crear | Villager (Male) |
| 7:46 | Crear | Villager (Male) |
| 8:47 | Investigar | Feudal Age |
| 8:57 | Construir | House |
| 9:03 | Construir | Palisade Wall |
| 9:06 | Construir | Palisade Wall |
| 9:13 | Crear | Villager (Male) |
| 9:43 | Construir | Palisade Wall |
| 9:47 | Construir | Palisade Gate |
| 10:01 | Construir | Palisade Wall |
| 10:42 | Construir | Barracks |
| 10:51 | Crear | Villager (Male) |
| 11:11 | Crear | Villager (Male) |
| 11:20 | Crear | Villager (Male) |
| 11:40 | Construir | Barracks |
| 12:14 | Construir | Palisade Wall |
| 12:32 | Construir | Barracks |
| 13:08 | Crear | Villager (Male) |
| 13:08 | Crear | Villager (Male) |
| 13:08 | Crear | Villager (Male) |
| 13:09 | Crear | Villager (Male) |
| 13:09 | Crear | Villager (Male) |
| 13:09 | Crear | Villager (Male) |
| 13:18 | Construir | Lumber Camp |
| 13:27 | Crear | Spearman |
| 13:44 | Construir | House |
| 13:59 | Crear | Villager (Male) |
| 13:59 | Crear | Villager (Male) |
| 14:04 | Construir | Farm |
| 14:05 | Construir | Farm |
| 14:06 | Construir | Farm |
| 14:06 | Construir | Farm |
| 14:07 | Construir | Farm |
| 14:07 | Construir | Farm |
| 14:11 | Construir | Farm |
| 14:26 | Crear | Spearman |
| 14:26 | Crear | Spearman |
| 14:28 | Crear | Villager (Male) |
| 14:34 | Construir | Farm |
| 15:18 | Construir | Farm |
| 15:20 | Construir | Farm |
| 15:22 | Construir | Farm |
| 15:22 | Construir | Farm |
| 15:22 | Construir | Farm |
| 15:23 | Construir | Farm |
| 15:25 | Construir | Farm |
| 15:36 | Crear | Villager (Male) |
| 15:47 | Construir | Lumber Camp |
| 15:49 | Investigar | Double-Bit Axe |
| 15:59 | Construir | Mining Camp |
| 16:09 | Construir | Farm |
| 16:10 | Construir | Farm |
| 16:11 | Construir | Farm |
| 16:16 | Crear | Villager (Male) |
| 16:32 | Construir | Blacksmith |
| 16:39 | Construir | House |
| 16:57 | Construir | House |
| 16:58 | Construir | House |
| 17:18 | Construir | Farm |
| 17:20 | Construir | Farm |
| 17:25 | Crear | Villager (Male) |
| 17:45 | Crear | Villager (Male) |
| 17:52 | Construir | Stable |
| 18:06 | Construir | Farm |
| 18:12 | Crear | Villager (Male) |
| 18:22 | Construir | House |
| 18:23 | Construir | House |
| 18:49 | Crear | Villager (Male) |
| 18:58 | Construir | Stable |
| 19:07 | Crear | Villager (Male) |
| 19:17 | Construir | House |
| 19:28 | Construir | Palisade Gate |
| 19:43 | Construir | Palisade Wall |
| 19:45 | Construir | Palisade Wall |
| 19:48 | Construir | Palisade Wall |
| 19:56 | Investigar | Castle Age |
| 20:02 | Construir | Stable |
| 20:09 | Investigar | Forging |
| 20:10 | Investigar | Scale Barding Armor |
| 20:25 | Construir | Palisade Gate |
| 20:50 | Investigar | Horse Collar |
| 20:54 | Investigar | Bloodlines |
| 22:37 | Crear | Camel Scout |
| 22:37 | Crear | Camel Scout |
| 22:37 | Crear | Camel Scout |
| 22:38 | Crear | Camel Scout |
| 22:38 | Crear | Camel Scout |
| 22:38 | Crear | Camel Scout |
| 23:16 | Construir | Town Center |
| 23:29 | Crear | Camel Scout |
| 23:29 | Crear | Camel Scout |
| 23:49 | Investigar | Husbandry |
| 24:12 | Crear | Villager (Male) |
| 24:12 | Crear | Villager (Male) |
| 24:13 | Crear | Villager (Male) |
| 24:13 | Crear | Villager (Male) |
| 24:13 | Crear | Villager (Male) |
| 24:26 | Crear | Camel Scout |
| 24:26 | Crear | Camel Scout |
| 24:27 | Crear | Camel Scout |
| 24:27 | Crear | Camel Scout |
| 24:27 | Crear | Camel Scout |
| 24:35 | Construir | Farm |
| 24:53 | Construir | Mining Camp |
| 25:16 | Crear | Camel Scout |
| 25:16 | Crear | Camel Scout |
| 25:16 | Crear | Camel Scout |
| 25:17 | Crear | Camel Scout |
| 25:17 | Crear | Camel Scout |
| 25:39 | Crear | Camel Scout |
| 25:39 | Crear | Camel Scout |
| 26:04 | Crear | Steppe Lancer |
| 26:04 | Crear | Steppe Lancer |
Build order — LordHassan
Primeras 150 de 395 acciones detectadas
| 0:02 | Crear | Villager (Male) |
| 0:02 | Crear | Villager (Male) |
| 0:02 | Crear | Villager (Male) |
| 0:02 | Crear | Villager (Male) |
| 0:04 | Construir | House |
| 0:08 | Construir | House |
| 1:28 | Crear | Villager (Male) |
| 1:28 | Crear | Villager (Male) |
| 1:29 | Crear | Villager (Male) |
| 1:29 | Crear | Villager (Male) |
| 1:46 | Construir | Lumber Camp |
| 1:51 | Crear | Villager (Male) |
| 1:51 | Crear | Villager (Male) |
| 1:52 | Crear | Villager (Male) |
| 2:29 | Crear | Villager (Male) |
| 2:29 | Crear | Villager (Male) |
| 2:29 | Crear | Villager (Male) |
| 2:59 | Crear | Villager (Male) |
| 2:59 | Crear | Villager (Male) |
| 2:59 | Crear | Villager (Male) |
| 3:00 | Crear | Villager (Male) |
| 3:00 | Crear | Villager (Male) |
| 3:29 | Construir | House |
| 3:53 | Crear | Villager (Male) |
| 3:53 | Crear | Villager (Male) |
| 3:53 | Crear | Villager (Male) |
| 3:54 | Crear | Villager (Male) |
| 4:17 | Construir | Mill |
| 4:46 | Crear | Villager (Male) |
| 4:46 | Crear | Villager (Male) |
| 4:46 | Crear | Villager (Male) |
| 4:46 | Crear | Villager (Male) |
| 4:47 | Crear | Villager (Male) |
| 5:10 | Crear | Villager (Male) |
| 5:10 | Crear | Villager (Male) |
| 5:10 | Crear | Villager (Male) |
| 5:10 | Crear | Villager (Male) |
| 5:26 | Construir | House |
| 5:59 | Investigar | Loom |
| 7:04 | Investigar | Feudal Age |
| 7:04 | Investigar | Feudal Age |
| 7:30 | Construir | Barracks |
| 7:57 | Construir | Palisade Wall |
| 8:18 | Construir | Palisade Wall |
| 8:53 | Construir | House |
| 9:13 | Crear | Villager (Male) |
| 9:14 | Edad | Edad Feudal |
| 9:17 | Investigar | Double-Bit Axe |
| 9:24 | Construir | Stable |
| 9:26 | Crear | Spearman |
| 9:43 | Crear | Villager (Male) |
| 9:46 | Crear | Villager (Male) |
| 9:59 | Construir | Palisade Wall |
| 10:00 | Construir | Palisade Wall |
| 10:01 | Construir | Palisade Wall |
| 10:05 | Crear | Villager (Male) |
| 10:09 | Construir | House |
| 10:10 | Construir | Palisade Wall |
| 10:13 | Crear | Scout Cavalry |
| 10:14 | Crear | Scout Cavalry |
| 10:14 | Crear | Scout Cavalry |
| 10:25 | Crear | Villager (Male) |
| 10:45 | Crear | Villager (Male) |
| 10:52 | Construir | Blacksmith |
| 11:01 | Construir | House |
| 11:03 | Construir | Palisade Wall |
| 11:17 | Crear | Scout Cavalry |
| 11:17 | Crear | Scout Cavalry |
| 11:28 | Crear | Villager (Male) |
| 11:40 | Crear | Scout Cavalry |
| 11:41 | Crear | Scout Cavalry |
| 11:45 | Construir | Farm |
| 12:06 | Construir | Palisade Gate |
| 12:53 | Crear | Villager (Male) |
| 12:56 | Construir | Farm |
| 12:59 | Construir | Farm |
| 13:01 | Crear | Villager (Male) |
| 13:11 | Construir | Market |
| 13:22 | Crear | Villager (Male) |
| 13:29 | Construir | Farm |
| 13:37 | Construir | Farm |
| 13:38 | Crear | Villager (Male) |
| 14:09 | Crear | Villager (Male) |
| 14:13 | Construir | Farm |
| 14:15 | Construir | Farm |
| 14:18 | Construir | Farm |
| 14:26 | Construir | Farm |
| 14:46 | Crear | Villager (Male) |
| 14:48 | Construir | Farm |
| 15:13 | Crear | Villager (Male) |
| 15:15 | Construir | Farm |
| 15:16 | Crear | Villager (Male) |
| 15:27 | Construir | Farm |
| 15:35 | Crear | Villager (Male) |
| 15:41 | Construir | Mining Camp |
| 15:50 | Construir | Farm |
| 16:13 | Crear | Villager (Male) |
| 16:15 | Construir | Farm |
| 16:17 | Crear | Villager (Male) |
| 16:22 | Investigar | Wheelbarrow |
| 16:26 | Construir | House |
| 16:46 | Construir | Lumber Camp |
| 16:52 | Construir | House |
| 17:14 | Construir | Farm |
| 17:26 | Construir | House |
| 17:29 | Construir | House |
| 17:44 | Investigar | Castle Age |
| 17:53 | Construir | House |
| 17:55 | Construir | Palisade Wall |
| 18:31 | Construir | House |
| 18:42 | Investigar | Horse Collar |
| 18:49 | Construir | Archery Range |
| 19:05 | Construir | House |
| 19:07 | Investigar | Fletching |
| 19:10 | Investigar | Bloodlines |
| 19:33 | Investigar | Gold Mining |
| 19:46 | Construir | Archery Range |
| 19:58 | Construir | Palisade Wall |
| 20:12 | Construir | Archery Range |
| 20:15 | Investigar | Padded Archer Armor |
| 20:33 | Edad | Edad de los Castillos |
| 20:35 | Crear | Cavalry Archer |
| 20:35 | Crear | Cavalry Archer |
| 20:41 | Crear | Villager (Male) |
| 21:04 | Construir | Town Center |
| 21:08 | Investigar | Town Watch |
| 21:10 | Crear | Cavalry Archer |
| 21:10 | Crear | Cavalry Archer |
| 21:23 | Investigar | Bodkin Arrow |
| 21:23 | Investigar | Bodkin Arrow |
| 21:35 | Crear | Cavalry Archer |
| 21:35 | Crear | Cavalry Archer |
| 21:35 | Crear | Cavalry Archer |
| 22:00 | Construir | House |
| 22:01 | Crear | Villager (Male) |
| 22:09 | Crear | Cavalry Archer |
| 22:09 | Crear | Cavalry Archer |
| 22:09 | Crear | Cavalry Archer |
| 22:22 | Crear | Villager (Male) |
| 22:25 | Crear | Cavalry Archer |
| 22:25 | Crear | Cavalry Archer |
| 22:26 | Crear | Cavalry Archer |
| 22:36 | Construir | House |
| 22:41 | Crear | Cavalry Archer |
| 22:41 | Crear | Cavalry Archer |
| 22:54 | Crear | Cavalry Archer |
| 22:54 | Crear | Cavalry Archer |
| 22:59 | Crear | Villager (Male) |
| 23:07 | Crear | Cavalry Archer |
| 23:08 | Crear | Cavalry Archer |
Cronología de la partida
| 3:20 | dismichaeled · wall_segment Palisade Wall x2 |
| 5:03 | dismichaeled · wall_segment Palisade Wall x18 |
| 6:40 | dismichaeled · wall_segment Palisade Wall x9 |
| 6:42 | dismichaeled · wall_segment Palisade Wall x11 |
| 7:30 | LordHassan · first_building Barracks |
| 7:57 | LordHassan · wall_segment Palisade Wall x3 |
| 8:18 | LordHassan · wall_segment Palisade Wall x13 |
| 9:03 | dismichaeled · wall_segment Palisade Wall x2 |
| 9:06 | dismichaeled · wall_segment Palisade Wall x13 |
| 9:14 | LordHassan · age_up feudal |
| 9:24 | LordHassan · first_building Stable |
| 9:43 | dismichaeled · wall_segment Palisade Wall x14 |
| 9:59 | LordHassan · wall_segment Palisade Wall x10 |
| 10:00 | LordHassan · wall_segment Palisade Wall x4 |
| 10:01 | LordHassan · wall_segment Palisade Wall x4 |
| 10:01 | dismichaeled · wall_segment Palisade Wall x10 |
| 10:10 | LordHassan · wall_segment Palisade Wall x2 |
| 10:42 | dismichaeled · first_building Barracks |
| 11:03 | LordHassan · wall_segment Palisade Wall x18 |
| 12:14 | dismichaeled · wall_segment Palisade Wall x2 |
| 17:52 | dismichaeled · first_building Stable |
| 17:55 | LordHassan · wall_segment Palisade Wall x1 |
| 18:49 | LordHassan · first_building Archery Range |
| 19:43 | dismichaeled · wall_segment Palisade Wall x6 |
| 19:45 | dismichaeled · wall_segment Palisade Wall x2 |
| 19:48 | dismichaeled · wall_segment Palisade Wall x15 |
| 19:58 | LordHassan · wall_segment Palisade Wall x1 |
| 20:33 | LordHassan · age_up castle |
| 28:20 | LordHassan · first_building Monastery |
| 28:34 | dismichaeled · first_building Monastery |
| 28:53 | LordHassan · first_market_buy 100 wood |
| 29:38 | dismichaeled · first_building Siege Workshop |
| 31:47 | dismichaeled · first_building Castle |
| 32:00 | LordHassan · first_market_sell 100 stone |
| 35:19 | dismichaeled · first_building Archery Range |
| 35:31 | LordHassan · first_building Castle |
| 36:43 | dismichaeled · first_market_sell 500 wood |
| 37:08 | dismichaeled · first_market_buy 100 food |
| 40:16 | LordHassan · age_up imperial |
| 44:13 | dismichaeled · resign |
[ ANÁLISIS IA · 1 CRÉDITO ]
¿Qué pasó realmente en esta partida?
Wolo.gg analiza cada decisión: build order, eco, micro, errores típicos por bracket. Análisis personalizado por WhatsApp o Discord en 30 segundos.
Guía civ
Mongoles
Perfil
Jugador #1590622